 Dungeon Crawl Stone Soup version 0.29.1 (webtiles) character file.

Game seed: 4198762439117398054

147 pacmanke6689 the Chopper (level 5, -3/46 HPs)
             Began as a Hill Orc Fighter on Sept 11, 2022.
             Slain by a mummy (16 damage)
             ... in an ossuary on Sept 13, 2022.
             The game lasted 00:06:55 (1918 turns).

pacmanke6689 the Chopper (Hill Orc Fighter)         Turns: 1918, Time: 00:06:56

Health: -3/46      AC:  7    Str: 21    XL:     5   Next: 29%
Magic:  5/5        EV:  9    Int:  8    God:
Gold:   125        SH:  4    Dex: 10    Spells: 4/4 levels left

rFire   . . .      SeeInvis .   a - +1 war axe
rCold   . . .      Faith    .   c - +0 buckler
rNeg    . . .      Spirit   .   b - +0 scale mail
rPois   .          Reflect  .   (no helmet)
rElec   .          Harm     .   (no cloak)
rCorr   .          Rampage  .   (no gloves)
Will    .....                   (no boots)
Stlth   ..........              (no amulet)
HPRegen 0.15/turn               (no ring)
MPRegen 0.09/turn               (no ring)

@: no status effects
A: no striking features
a: no special abilities


You were in an ossuary.
You visited 1 branch of the dungeon, and saw 4 of its levels.
You also visited: Ossuary.

You collected 125 gold pieces.

Inventory:

Hand Weapons
 a - a +1 war axe (weapon)
Armour
 b - a +0 scale mail (worn)
 c - a +0 buckler (worn)
Jewellery
 e - an amulet of regeneration
Potions
 d - 2 potions of might
 f - a potion of cancellation
 h - a potion of lignification
 k - a potion of brilliance


   Skills:
 + Level 3.9 Fighting
 + Level 5.4 Axes
 + Level 4.0 Armour
 + Level 0.3 Dodging
 + Level 0.1 Stealth
 + Level 4.0 Shields


You had 4 spell levels left.
You didn't know any spells.
Your spell library contained the following spells:

 Spells                   Type           Power      Damage    Failure   Level
 Gell's Gravitas          Tloc           0%         N/A       99%         3
 Lesser Beckoning         Tloc           0%         N/A       99%         3
 Teleport Other           Tloc           0%         N/A       99%         3


Dungeon Overview and Level Annotations

Branches:
Dungeon (3/15)            Ossuary (1/1)

Altars:

Shops:
D:1 =


Message History

2 mummies come into view.
The mummy hits you.
* * * LOW HITPOINT WARNING * * *
The mummy hits you.
* * * LOW HITPOINT WARNING * * *
You barely miss the mummy.
The mummy is severely damaged.
You barely miss the mummy. You block the mummy's attack.
You hit the mummy.
The mummy is severely damaged.
You hit the mummy. The mummy hits you but does no damage.
The mummy barely misses you.
You slash the mummy!
You destroy the mummy!
You closely miss the mummy. The mummy barely misses you.
You have reached level 5!
You feel stronger.
You slash the mummy!
You destroy the mummy!
Your Armour skill increases to level 4!
You feel much better.
You slash the mummy!
The mummy is heavily damaged.
The mummy hits you but does no damage.
You slash the mummy!
You destroy the mummy!
You hit the mummy. The mummy hits you!
You barely miss the mummy.
The mummy is lightly damaged.
The mummy barely misses you.
You hit the mummy.
The mummy is moderately damaged.
You hit the mummy.
The mummy is heavily damaged.
The mummy hits you.
* * * LOW HITPOINT WARNING * * *
You hit the mummy.
The mummy is heavily damaged.
The mummy hits you!
You die...

#.... #### ..
..... ##..## ...
.....##....##...
................
#...............
#..............
#........#
#.@M...#
##....## #....#
#....# #....#
#....# #....#
#....# #....#


You could see a mummy.

Vanquished Creatures
  An iguana (D:5)
  5 mummies (Ossuary)
  2 adders
  2 dart slugs
  4 endoplasms
  2 gnoll zombies (Ossuary)
  2 goblins
  A hobgoblin (D:2)
  4 kobolds
  5 quokkas (D:2)
  4 ball pythons
  A bat (D:1)
  2 frilled lizards (D:2)
  A hobgoblin zombie (Ossuary)
  3 kobold zombies (Ossuary)
  2 orc zombies (Ossuary)
  A rat (D:2)
42 creatures vanquished.

Notes
Turn   | Place    | Note
-------+----------+-------------------------------------------
     0 | D:1      | pacmanke6689 the Hill Orc Fighter began the quest for the
                  | Orb.
     0 | D:1      | Reached XP level 1. HP: 19/19 MP: 1/1
   214 | D:1      | Found a faded altar of an unknown god.
   272 | D:1      | Reached XP level 2. HP: 26/26 MP: 2/2
   424 | D:1      | Found Eskyxoun's One-of-a-Kind Rings.
   816 | D:2      | Reached skill level 3 in Axes
   824 | D:2      | Reached XP level 3. HP: 29/33 MP: 3/3
  1289 | D:3      | Upgraded the game from 0.29.0-15-g675c0067aa to 0.29.1
  1595 | D:3      | You fall into a shaft and drop 2 floors!
  1595 | D:5      | Entered Level 5 of the Dungeon
  1610 | D:5      | Reached skill level 4 in Axes
  1610 | D:5      | Reached XP level 4. HP: 9/40 MP: 4/4
  1855 | D:5      | Found a sand-covered staircase.
  1858 | D:5      | Noticed an ice beast
  1877 | Ossuary  | Entered an ossuary
  1904 | Ossuary  | Reached skill level 5 in Axes
  1908 | Ossuary  | Reached XP level 5. HP: 5/46 MP: 5/5
  1918 | Ossuary  | Slain by a mummy

Illustrated notes

Levels and vault maps discovered:
D:1:      scummos_arrival_gate, layout_loops_ring,
          nicolae_ecumenical_lake_church, nicolae_shop_unique_rings, nrook_uturn
D:2:      layout_rooms
D:3:      layout_loops_cross
D:5:      layout_basic, demons_altar, temple_pool_b,
          nicolae_ossuary_entry_monument, grunt_ministairs_1
Ossuary:  ossuary_tomb_3

Skill      XL: |  1  2  3  4  5 |
---------------+----------------+-----
Axes           | 3 4 5 |  5.4
Shields        | 4 |  4.0
Armour         | 4 |  4.0
Fighting       | |  3.9
Dodging        | |  0.3
Stealth        | |  0.1

Action                   |  1- 3 |  4- 6 || total
-------------------------+-------+-------++-------
Melee: War axe           |    83 |    25 ||   108
  Use: Scroll            |     5 |     5 ||    10
       Potion            |       |     1 ||     1
Armor: Scale mail        |    34 |    12 ||    46
Dodge: Dodged            |    35 |    17 ||    52
Block: Buckler           |    26 |    10 ||    36
